 Dungeon Crawl Stone Soup version 0.25-a0-35-g747a2b3c0c (webtiles) character file.

Game seed: 6303615783261297357, levelgen mode: deterministic

150248 Gargoyl the Cruncher (level 16, 0/98 HPs)
             Began as a Centaur Abyssal Knight on Oct 18, 2019.
             Was a Priest of Lugonu.
             Killed from afar by a wretched star (23 damage)
             ... with an orb of energy
             ... on level 4 of the Abyss on Oct 19, 2019.
             The game lasted 01:11:29 (51433 turns).

Gargoyl the Cruncher (Centaur Abyssal Knight)      Turns: 51433, Time: 01:11:30

Health: 0/98       AC: 25    Str: 18 (20) XL:     16   Next: 98%
Magic:  26/26      EV: 23    Int:  6 (7)  God:    Lugonu [***...]
Gold:   227        SH:  0    Dex: 16 (17) Spells: 15/15 levels left

rFire    . . .     SeeInvis .   x - +2 quarterstaff (speed)
rCold    + + +     Gourm    .   (shield currently unavailable)
rNeg     . . .     Faith    .   C - +5 scale mail {MR+}
rPois    +         Spirit   .   m - +2 helmet of Trumpets {rPois rC+ Dex+4}
rElec    +         Reflect  .   G - +1 cloak of Starlight {rElec rC+ EV+4 Stlth--}
rCorr    .         Harm     .   l - +2 pair of gloves
MR       ++...     Rnd*Rage +   (no barding)
Stlth    ..........             (no amulet)
HPRegen  0.00/turn              E - +6 ring of dexterity
MPRegen  0.20/turn              w - +6 ring of evasion

@: non-regenerating, mildly diseased, very quick
A: large, hooves 3, icy blue scales 1, [berserk 2], [blurry vision 2], [clumsy
2], cold resistance 1, deformed body, deterioration 1, [dopey 2], speed 2, frail
1[+2], [screaming 2], tough skin 3
a: Depart the Abyss, Bend Space, Banish, Renounce Religion


You were on level 4 of the Abyss.
You worshipped Lugonu.
Lugonu was most pleased with you.
You were very hungry.

You visited 5 branches of the dungeon, and saw 25 of its levels.
You visited the Abyss 3 times.

You collected 2954 gold pieces.
You spent 2727 gold pieces at shops.

Inventory:

Hand Weapons
 x - a +2 quarterstaff of speed (weapon)
 K - a +3 broad axe
 L - a +0 war axe of flaming
Missiles
 J - 47 boomerangs (quivered)
Armour
 h - a +1 chain mail of fire resistance
 l - a +2 pair of gloves (worn)
 m - the +2 helmet of Trumpets (worn) {rPois rC+ Dex+4}
   (You bought it in a shop on level 2 of the Orcish Mines)

   It affects your dexterity (+4).
   It protects you from cold.
   It protects you from poison.
 y - a +2 shield of protection
 C - a +5 scale mail of magic resistance (worn)
 G - the +1 cloak of Starlight (worn) {rElec rC+ EV+4 Stlth--}
   (You bought it in a shop on level 2 of the Orcish Mines)

   It affects your evasion (+4).
   It protects you from cold.
   It insulates you from electricity.
   It makes you much less stealthy.
Jewellery
 a - an uncursed ring of magical power
 o - an uncursed ring of protection from magic
 u - an uncursed amulet of faith
 w - a +6 ring of evasion (right hand)
 E - a +6 ring of dexterity (left hand)
Wands
 e - a wand of flame (69)
 k - a wand of iceblast (12)
 v - a wand of polymorph (11)
 B - a wand of random effects (38)
 D - a wand of clouds (5)
 I - a wand of scattershot (6)
 M - a wand of enslavement (8)
Scrolls
 d - 8 scrolls of teleportation
 n - 13 scrolls of remove curse
 q - 4 scrolls of magic mapping
 r - 4 scrolls of identify
 s - 10 scrolls of fear
 F - 2 scrolls of fog
Potions
 b - 6 potions of degeneration
 f - a potion of agility
 g - a potion of magic
 i - 6 potions of haste
 j - 3 potions of flight
 p - 3 potions of curing
 t - 3 potions of brilliance
 z - 5 potions of lignification
 A - 2 potions of invisibility
 H - a potion of ambrosia
Comestibles
 c - 26 rations


   Skills:
 + Level 12.4 Fighting
 + Level 6.3 Axes
 + Level 14.3 Staves
 + Level 2.4 Throwing
 * Level 11.4 Armour
 * Level 9.9 Dodging
 * Level 13.9 Invocations
 + Level 1.7 Evocations


You had 15 spell levels left.
You didn't know any spells.
Your spell library contained the following spells:

 Spells                   Type           Power        Failure   Level  Hunger
 Animate Skeleton         Necr           N/A          77%         1    ##.....
 Apportation              Tloc           #.....       77%         1    ##.....
 Confusing Touch          Hex            #.....       77%         1    ##.....
 Corona                   Hex            #......      77%         1    ##.....
 Magic Dart               Conj           #...         77%         1    ##.....
 Shock                    Conj/Air       #...         77%         1    ##.....
 Summon Small Mammal      Summ           #...         77%         1    ##.....
 Ensorcelled Hibernation  Hex/Ice        #.....       88%         2    ###....
 Searing Ray              Conj           #.....       88%         2    ###....
 Sublimation of Blood     Necr           #.........   88%         2    ###....
 Swiftness                Chrm/Air       #.......     88%         2    ###....
 Confuse                  Hex            #.......     98%         3    ####...
 Dazzling Spray           Conj/Hex       #.....       98%         3    ####...
 Gell's Gravitas          Tloc           #.........   98%         3    ####...
 Regeneration             Chrm/Necr      #.........   98%         3    ####...
 Static Discharge         Conj/Air       #.......     98%         3    ####...
 Tukima's Dance           Hex            #.......     98%         3    ####...
 Airstrike                Air            #.........   100%        4    #####..
 Animate Dead             Necr           N/A          100%        4    #####..
 Force Lance              Conj/Tloc      #.......     100%        4    #####..
 Fulminant Prism          Conj/Hex       #.........   100%        4    #####..
 Iskenderun's Mystic Bla  Conj           #.......     100%        4    #####..
 Petrify                  Tmut/Erth      #.......     100%        4    #####..
 Dispel Undead            Necr           #.......     100%        5    ######.
 Lightning Bolt           Conj/Air       #.........   100%        5    ######.
 Metabolic Englaciation   Hex/Ice        #.........   100%        5    ######.
 Yara's Violent Unravell  Hex/Tmut       #.........   100%        5    ######.


Dungeon Overview and Level Annotations

Branches:
Dungeon (15/15)            Temple (0/1) D:4            Lair (6/6) D:10
 Shoals (0/4) Lair:3        Snake (1/4) Lair:3        Slime (0/5) Lair:5
    Orc (2/2) D:12            Elf (0/3) Orc:2        Vaults (0/5) D:14
 Depths (1/5) D:15

Altars:
Ashenzari
Gozag
Hepliaklqana
Kikubaaqudgha
Vehumet
Zin
Beogh

Shops:
Orc:1 !   Orc:2 [*%[

Portals:
Trove: D:11 (give +5 ice dragon scales)

Annotations:
D:4 1 runed translucent door, gentoosiast's ghost, amateur GrEE
D:14 1 runed translucent door
Lair:3 2 transporters, demivan's ghost, journeyman GnFi


Innate Abilities, Weirdness & Mutations

You have hooves in place of feet.
Armour fits poorly on your strangely shaped body.
You cover ground very quickly.
You have extremely tough skin. (AC +3)
You are partially covered in icy blue scales. (AC +2)
Your flesh is cold resistant. (rC+)
Your body sometimes deteriorates upon taking damage.
[You often lose your temper in combat.]
[Scrolls take you longer to read.]
[You are very clumsy. (Dex -4)]
[You are very dopey. (Int -4)]
[You are extremely frail. (-30% HP)]
[You sometimes yell uncontrollably at your foes.]


Message History

You destroy the frost giant skeleton!
A wretched star comes into view.
Things that are here:
a +0 long sword; a +2 robe of positive energy
Things that are here:
a +0 long sword; a +2 robe of positive energy
There are monsters nearby!
The wretched star pulses with an eldritch light!
You feel clumsy. x2; Your vision blurs. x2
The raiju stops to sniff the ground.
The wretched star pulses with an eldritch light!
You feel frail. x2; You feel the urge to shout.
You feel a strong urge to yell.
The wretched star glows turbulently.
The orb of energy misses you.
The wretched star pulses with an eldritch light!
You feel stupid. x2; You feel a little pissed off.
You feel angry.
A wretched star comes into view.
The wretched star glows turbulently.
The orb of energy hits you!!
You die...

§#§ # .
...#### .#
. ...##. #
. ...3X##
.#
..hhX3## #
..3hRX#.
..XX38#X #
.hxh3X#*##
.h3hu#.@#
.#X #####
÷#.* # #
### .


You could see 2 starcursed masses, an orange crystal statue, a wretched star, an
ancient zyme, 3 thrashing horrors, 2 large abominations, an efreet, 5 raiju and
5 neqoxecs.

Vanquished Creatures
  Jorgrun (D:13)
  3 tentacled starspawn
  A nagaraja (Lair:3)
  A fire giant (Depths:1)
  2 very ugly things (D:15)
  3 stone giants (Depths:1)
  3 ettins
  2 ogre magi (Depths:1)
  2 rakshasas
  A yaktaur captain (D:13)
  11 hydras
  Harold (D:8)
  2 vault guards (D:14)
  A naga warrior (Snake:1)
  5 ice dragons
  2 catoblepae
  An anaconda (Snake:1)
  4 centaur warriors
  14 two-headed ogres
  2 tengu warriors (D:15)
  2 deep troll shamans
  11 death yaks
  3 naga sharpshooters
  5 orc high priests (Orc:2)
  4 thrashing horrors
  A titan skeleton (Depths:1)
  A storm dragon skeleton (Depths:1)
  A salamander mystic (Snake:1)
  A deep troll (D:15)
  2 unseen horrors
  5 wizards
  A glowing orange brain (D:15)
  A tengu zombie (Depths:1)
  Pikel (D:8)
  10 orc knights
  2 necromancers
  2 deep elf magi (D:15)
  An orc sorcerer (D:15)
  A mana viper (Abyss:1)
  22 ugly things
  2 manticores
  A cyclops (Orc:1)
  16 elephants
  Maurice (D:11)
  6 black mambas
  A merfolk siren (Lair:3)
  A frost giant skeleton (Abyss:4)
  A spriggan zombie (Depths:1)
  A smoke demon (Abyss:3)
  A stone giant skeleton (Abyss:3)
  2 gargoyles
  4 rime drakes
  9 spiny frogs
  5 komodo dragons
  4 efreet
  A tengu conjurer (D:15)
  5 yaktaurs (Depths:1)
  3 ancient zymes
  5 trolls
  2 merfolk (Lair:3)
  2 meliai (shapeshifter)
  A polar bear (Lair:5)
  Grinder (D:6)
  Prince Ribbit (Abyss:1)
  2 hornets
  A harpy skeleton (D:15)
  15 slime creatures
  19 blink frogs
  4 hippogriffs
  4 raiju (Abyss:3)
  2 centaur simulacra (D:15)
  A shadow (D:14)
  6 wyverns
  3 ynoxinuls
  3 water elementals (Depths:1)
  26 yaks
  A wraith (Abyss:4)
  6 basilisks
  A chaos spawn (Abyss:3)
  4 vampire mosquitoes
  A steam dragon (D:10)
  2 hungry ghosts
  4 nagas
  5 large abominations
  2 wargs (Orc:2)
  3 soldier ants
  12 water moccasins
  2 acid dragons
  7 porcupines
  4 phantoms
  37 orc warriors
  2 black bears
  2 necrophages
  3 sky beasts
  A slave (D:7)
  2 eyes of draining
  4 ice beasts
  10 ogres
  22 wolves
  14 centaurs
  12 crocodiles
  3 big kobolds
  4 small abominations
  23 bullfrogs
  2 wyvern zombies
  A yaktaur skeleton (Depths:1)
  A wyvern skeleton (D:14)
  3 scorpions
  A killer bee (D:10)
  11 wights
  2 vampire bats (D:8)
  An electric eel (Lair:3)
  3 howler monkeys (D:9)
  8 crimson imps
  2 bullfrog zombies
  3 quasits
  A bullfrog skeleton (D:5)
  7 centaur zombies
  3 jellies
  33 orc priests
  6 hounds
  21 orc wizards
  5 centaur skeletons
  9 iguanas
  13 worker ants
  A hound zombie (D:11)
  2 hound skeletons
  A howler monkey zombie (D:8)
  A worker ant zombie (D:7)
  Robin (D:2)
  17 gnolls
  A howler monkey skeleton (D:7)
  10 river rats
  14 adders
  5 shadow imps
  An ufetubus (Abyss:1)
  2 oozes (D:1)
  An adder zombie (D:9)
  An adder skeleton (D:6)
  4 worms
  5 dart slugs
  6 leopard geckos
  86 orcs
  3 ball pythons
  5 bat skeletons (D:8)
  A bat zombie (D:8)
  5 giant cockroaches
  17 goblins
  11 hobgoblins
  11 jackals
  14 quokkas
  6 bats
  4 frilled lizards
  A giant cockroach zombie (D:5)
  18 kobolds
  A leopard gecko skeleton (D:4)
  A quokka skeleton (D:2)
  18 rats
  A lurking horror (Abyss:3)
  A plant (Lair:3)
907 creatures vanquished.

Vanquished Creatures (collateral kills)
  A kobold demonologist (Abyss:3)
  An iron imp (Abyss:3)
2 creatures vanquished.

Vanquished Creatures (others)
  A fire dragon (D:13)
  The ghost of Dycilia the Thaumaturge, a journeyman DECj of Vehumet (Lair:4)
  4 unseen horrors
  3 oklob plants (Lair:6)
  A moth of wrath (shapeshifter) (D:13)
  A freezing wraith (D:8)
  A troll (D:6)
  A yak (D:13)
  2 electric eels (Lair:5)
  An orc wizard (D:12)
  9 fungi
  13 plants
  5 starspawn tentacles
43 creatures vanquished.

Grand Total: 952 creatures vanquished

Notes
Turn   | Place    | Note
-------+----------+-------------------------------------------
     0 | Abyss:1  | Gargoyl the Centaur Abyssal Knight began the quest for the
                  | Orb.
     0 | Abyss:1  | Reached XP level 1. HP: 19/19 MP: 2/2
    66 | Abyss:2  | Noticed a crimson imp
   101 | Abyss:2  | Noticed an ancient zyme
   101 | Abyss:2  | Noticed a wretched star
   103 | Abyss:2  | Noticed a large abomination
   153 | Abyss:3  | Found a shimmering altar of Xom.
   153 | Abyss:3  | Found a shimmering altar of Xom.
   154 | Abyss:3  | Found a shimmering altar of Xom.
   158 | Abyss:3  | Noticed an iron imp
   170 | Abyss:3  | Killed an iron imp
   170 | Abyss:3  | Reached XP level 2. HP: 26/26 MP: 3/3
   175 | Abyss:3  | Found a shimmering altar of Xom.
   175 | Abyss:3  | Found a corrupted altar of Lugonu.
   175 | Abyss:3  | Found a shimmering altar of Xom.
   179 | Abyss:3  | Noticed a kobold demonologist
   183 | Abyss:3  | Found a shimmering altar of Xom.
   183 | Abyss:3  | Found a shimmering altar of Xom.
   183 | Abyss:3  | Found a shimmering altar of Xom.
   188 | Abyss:3  | Noticed a worldbinder
   191 | Abyss:3  | Noticed a warg
   191 | Abyss:3  | Noticed a large abomination
   191 | Abyss:3  | Killed a kobold demonologist
   191 | Abyss:3  | Reached skill level 5 in Fighting
   191 | Abyss:3  | Reached XP level 3. HP: 32/36 MP: 4/4
   191 | Abyss:3  | Reached XP level 4. HP: 38/42 MP: 5/5
   191 | Abyss:3  | Reached XP level 5. HP: 43/48 MP: 6/6
   195 | D:1      | Escaped the Abyss
   255 | D:1      | Reached * piety under Lugonu
  1052 | D:2      | Reached skill level 1 in Dodging
  1107 | D:2      | Reached ** piety under Lugonu
  1428 | D:2      | Reached XP level 6. HP: 48/56 MP: 8/8
  1536 | D:2      | Noticed Robin
  1587 | D:2      | Killed Robin
  1894 | D:2      | Found a glowing silver altar of Zin.
  2855 | D:3      | Reached *** piety under Lugonu
  3476 | D:4      | Reached XP level 7. HP: 48/61 MP: 9/9
  3671 | D:4      | Found a staircase to the Ecumenical Temple.
  3696 | D:4      | Found a runed translucent door.
  3696 | D:4      | Noticed gentoosiast's ghost (amateur GrEE)
  4327 | D:4      | Found a radiant altar of Vehumet.
  4403 | D:5      | Entered Level 5 of the Dungeon
  4679 | D:4      | Found a hazy altar of Hepliaklqana.
  4680 | D:4      | Found an opulent altar of Gozag.
  4941 | D:5      | Reached XP level 8. HP: 24/70 MP: 10/10
  5395 | D:5      | Reached **** piety under Lugonu
  6262 | D:6      | Noticed Grinder
  6304 | D:6      | Killed Grinder
  6304 | D:6      | Reached skill level 5 in Axes
  6406 | D:6      | Noticed Prince Ribbit
  6645 | D:6      | Banished Prince Ribbit
  6800 | D:6      | Found a shattered altar of Ashenzari.
  6855 | D:6      | Noticed a troll
  6884 | D:6      | Reached skill level 5 in Armour
  6898 | D:6      | Banished a troll
  7238 | D:6      | Reached XP level 9. HP: 57/75 MP: 12/12
  7374 | D:6      | Found a hazy altar of Hepliaklqana.
  7385 | D:6      | Reached skill level 5 in Invocations
  7764 | D:7      | Found a glowing silver altar of Zin.
  7771 | D:7      | Got a smoking leather armour
  7772 | D:7      | Identified the +0 leather armour of Bad Feelings {+Blink
                  | rElec rC++ MR-} (You found it on level 7 of the Dungeon)
  8582 | D:7      | Reached skill level 1 in Staves
  8830 | D:7      | Reached skill level 2 in Staves
  9673 | D:8      | Noticed a two-headed ogre
  9683 | D:8      | Noticed Pikel
  9698 | D:8      | Banished a two-headed ogre
  9698 | D:8      | Reached skill level 3 in Staves
 10094 | D:8      | Killed Pikel
 10094 | D:8      | Reached XP level 10. HP: 65/84 MP: 14/14
 10117 | D:8      | Noticed Harold
 10137 | D:8      | Killed Harold
 10137 | D:8      | Reached skill level 4 in Staves
 10691 | D:8      | Found an ancient bone altar of Kikubaaqudgha.
 10703 | D:8      | Reached ***** piety under Lugonu
 11095 | D:9      | Noticed a two-headed ogre
 11097 | D:9      | Noticed a two-headed ogre
 11113 | D:8      | Killed a two-headed ogre
 11113 | D:8      | Reached skill level 5 in Staves
 11325 | D:8      | Killed a two-headed ogre
 12093 | D:9      | Reached skill level 6 in Staves
 12114 | D:9      | You fall into a shaft and drop 3 floors!
 12114 | D:12     | Noticed a purple ugly thing
 12301 | D:11     | Reached XP level 11. HP: 90/92 MP: 16/16
 12840 | D:10     | Entered Level 10 of the Dungeon
 13277 | D:10     | Noticed a two-headed ogre
 13287 | D:10     | Killed a two-headed ogre
 13287 | D:10     | Reached skill level 5 in Dodging
 13529 | D:9      | Found a shattered altar of Ashenzari.
 13934 | D:9      | Reached skill level 7 in Staves
 14011 | D:9      | Banished an unseen horror
 14438 | D:10     | Gained mutation: [You are frail. (-10% HP)] [potion of
                  | mutation]
 14438 | D:10     | Gained mutation: You are partially covered in icy blue
                  | scales. (AC +2) [potion of mutation]
 14438 | D:10     | Gained mutation: [You are very frail. (-20% HP)] [potion of
                  | mutation]
 14438 | D:10     | Gained mutation: You are somewhat resistant to further
                  | mutation. [potion of mutation]
 14558 | D:10     | Noticed a death yak
 14558 | D:10     | Noticed a death yak
 14558 | D:10     | Noticed a death yak
 14559 | D:10     | Found a staircase to the Lair.
 14559 | D:10     | Noticed a death yak
 14576 | D:10     | Noticed a death yak
 14579 | D:10     | HP: 2/73 [death yak (16)]
 14918 | D:9      | Killed a death yak
 15008 | D:10     | Noticed a death yak
 15072 | D:8      | Killed a death yak
 15262 | D:8      | Killed a death yak
 15262 | D:8      | Reached skill level 1 in Evocations
 15482 | D:9      | Killed a death yak
 15664 | D:9      | Killed a death yak
 15664 | D:9      | Reached skill level 8 in Staves
 15914 | D:9      | Killed a death yak
 16541 | D:10     | Reached XP level 12. HP: 65/80 MP: 18/18
 16869 | Lair:1   | Entered Level 1 of the Lair of Beasts
 17343 | Lair:1   | Got a scorched leather armour
 17355 | Lair:1   | Identified the +6 leather armour of Xoenajio {Dex+4} (You
                  | found it on level 1 of the Lair of Beasts)
 17441 | Lair:1   | Found an ancient bone altar of Kikubaaqudgha.
 18677 | Lair:2   | Noticed a five-headed hydra
 18688 | Lair:2   | Killed a five-headed hydra
 19239 | Lair:2   | Reached skill level 9 in Staves
 19557 | Lair:3   | Found a transporter.
 19599 | Lair:3   | Found a transporter.
 19602 | Lair:3   | Noticed demivan's ghost (journeyman GnFi)
 20274 | Lair:2   | Reached skill level 1 in Throwing
 21168 | Lair:3   | Found a staircase to the Snake Pit.
 21648 | Lair:3   | Found a staircase to the Shoals.
 21783 | Lair:4   | Reached ****** piety under Lugonu
 22085 | Lair:4   | Reached XP level 13. HP: 86/86 MP: 20/20
 22208 | Lair:4   | Noticed Dycilia's ghost (journeyman DECj)
 22447 | Lair:4   | Found a runed translucent door.
 22690 | Lair:4   | Banished Dycilia's ghost
 23004 | Lair:5   | Reached skill level 10 in Invocations
 23063 | Lair:5   | Reached skill level 10 in Staves
 23124 | Lair:5   | Found a frozen archway.
 24336 | Lair:5   | Lost mutation: You are somewhat resistant to further
                  | mutation. [potion of mutation]
 24336 | Lair:5   | Lost mutation: [You are very frail. (-20% HP)] [potion of
                  | mutation]
 24336 | Lair:5   | Gained mutation: Your body sometimes deteriorates upon
                  | taking damage. [potion of mutation]
 24336 | Lair:5   | Gained mutation: Your flesh is cold resistant. (rC+)
                  | [potion of mutation]
 24538 | Lair:5   | Found a staircase to the Slime Pits.
 24851 | Lair:6   | Entered Level 6 of the Lair of Beasts
 26155 | Lair:6   | Reached skill level 11 in Staves
 27522 | Lair:5   | Reached XP level 14. HP: 36/107 MP: 22/22
 29310 | Lair:6   | Identified the Handbook of Black Magic
 29584 | D:11     | Noticed Maurice
 29608 | D:11     | Killed Maurice
 29640 | D:11     | Found a portal to a secret trove of treasure.
 30709 | D:12     | Reached skill level 10 in Fighting
 31354 | D:12     | Found a roughly hewn altar of Beogh.
 31354 | D:12     | Found a staircase to the Orcish Mines.
 31852 | D:12     | Reached skill level 10 in Armour
 32578 | D:13     | Noticed Jorgrun
 32604 | D:13     | Killed Jorgrun
 32604 | D:13     | Reached skill level 12 in Staves
 32860 | D:13     | Found a runed translucent door.
 34446 | D:14     | Found a runed translucent door.
 35279 | D:14     | Reached XP level 15. HP: 113/115 MP: 24/24
 35597 | D:14     | Found a gate to the Vaults.
 35991 | D:15     | Entered Level 15 of the Dungeon
 36322 | D:15     | Found a radiant altar of Vehumet.
 37681 | D:15     | Reached skill level 13 in Staves
 37952 | D:15     | Found a staircase to the Depths.
 38823 | Orc:1    | Entered Level 1 of the Orcish Mines
 39122 | Orc:2    | Entered Level 2 of the Orcish Mines
 39712 | Orc:2    | Found a staircase to the Elven Halls.
 39997 | Orc:1    | Found Jarchyg's Distillery.
 40006 | Orc:1    | Bought a potion of heal wounds for 70 gold pieces
 40006 | Orc:1    | Bought 2 potions of heal wounds for 140 gold pieces
 40006 | Orc:1    | Bought a potion of heal wounds for 70 gold pieces
 43654 | Orc:2    | Found Xaceel's Food Boutique.
 43657 | Orc:2    | Found Varagg's General Store.
 43658 | Orc:2    | Found Wegeum's Antique Armour Boutique.
 43659 | Orc:2    | Found Jyudghyte's Armour Boutique.
 43662 | Orc:2    | Bought the +1 cloak of Starlight {rElec rC+ EV+4 Stlth--}
                  | for 1068 gold pieces
 43662 | Orc:2    | Found the +1 cloak of Starlight {rElec rC+ EV+4 Stlth--}
 43679 | Orc:2    | Bought the +2 helmet of Trumpets {rPois rC+ Dex+4} for 575
                  | gold pieces
 43701 | Orc:2    | Bought a glowing plate armour for 624 gold pieces
 43710 | Orc:2    | Bought a shiny chain mail for 180 gold pieces
 43993 | Snake:1  | Entered Level 1 of the Snake Pit
 43993 | Snake:1  | Noticed a nagaraja
 44448 | Snake:1  | Escaped the Abyss
 44461 | Lair:3   | Killed a nagaraja
 44844 | Snake:1  | Reached XP level 16. HP: 92/124 MP: 25/25
 46395 | Depths:1 | Entered Level 1 of the Depths
 47977 | Depths:1 | Reached skill level 14 in Staves
 50139 | Depths:1 | Identified the cursed +0 robe of Degod {rPois rF- Int+8}
 50170 | D:15     | HP: 3/125 [spriggan berserker/+2 antimagic war axe (24)]
 50180 | Abyss:1  | Killed Prince Ribbit
 50193 | Abyss:1  | Noticed a bone dragon
 50286 | Abyss:2  | Noticed a lich
 50350 | Abyss:3  | Noticed a tentacled starspawn
 50362 | Abyss:3  | Killed a tentacled starspawn
 50435 | Abyss:3  | Found a corrupted altar of Lugonu.
 50913 | Abyss:3  | Noticed a tentacled starspawn
 50925 | Abyss:3  | Killed a tentacled starspawn
 51303 | Abyss:4  | Noticed a tentacled starspawn
 51355 | Abyss:4  | Killed a tentacled starspawn
 51357 | Abyss:4  | Noticed a lich
 51433 | Abyss:4  | Killed from afar by a wretched star

Levels and vault maps discovered:
D:1:      minmay_arrival_diagonal_passages, layout_basic, serial_bayou_pond_a
D:2:      layout_rooms, lemuel_coloured_pillars_altar, uniq_robin
D:3:      layout_loops_cross
D:4:      kb_forest_paths, layout_basic, vehumet_altar_wand_db,
          chequers_temple_overflow_statue_of_worship,
          minmay_temple_entry_overgrown, gammafunk_ghost_grave
D:5:      lemuel_ratsnest, layout_rooms, first_ration, minmay_misc_feat_tiny
D:6:      layout_basic, kennysheep_flooded_box, evilmike_ruin_ashenzari,
          uniq_grinder, uniq_prince_ribbit1
D:7:      layout_loops_ring, basic_altar
D:8:      layout_loops_corners, kennysheep_vampire_church, uniq_pikel,
          uniq_harold
D:9:      minmay_bloctagon_deflated, layout_cave_pools,
          nicolae_overflow_hidden_temple
D:10:     minmay_bubble_buster, layout_loops_corners, dpeg_lair_monsters,
          hangedman_pestilent_swarm
D:11:     layout_irregular_city, nicolae_trove_entry_crossroad,
          hangedman_corner_corridor, uniq_maurice
D:12:     layout_basic, david_orc_5
D:13:     layout_roguey, lightli_airlock, uniq_jorgrun
D:14:     layout_stronghold, lightli_vaults_fourway_checkpoint,
          serial_park_tiny_2, minmay_st_funbox
D:15:     grunt_enter_depths_magical_seal, layout_long_grid,
          small_statue_alley_a, basic_altar
Lair:1:   layout_layer_cave, basic_altar
Lair:2:   layout_cave_shapes, serial_bayou_crossing
Lair:3:   layout_regular_city, elwin_shoals_entry_rooms,
          guppyfry_snake_entry_island, gammafunk_ghost_arena
Lair:4:   layout_hall_layers, hellmonk_ghost_happy_afterlife, st_stairs_12, pond
Lair:5:   layout_cave_pods, slime_dummy, portal_ice_cave_rime,
          serial_bayou_shore_a
Lair:6:   grunt_lair_end_beastmaster, layout_loops_ring, grunt_megastairs_4,
          minmay_lair_oklob_chamber
Snake:1:  layout_concentric_octagons, serial_shops, shop
Orc:1:    minmay_goldmine, layout_caves, serial_shops, shop
Orc:2:    st_orc_pillars, layout_diamond_mine
Depths:1: layout_gridlike, marbit_kobold_abyss_entry, minmay_misc_feat_enclosed,
          grunt_hell_horde, minmay_misc_feat_secret_circle, serial_bayou_ford_a,
          st_stairs_14, grunt_decor_fettered, minmay_pinched_square,
          firewood_loft
Abyss:4:  hangedman_stitches_earthworm, doesnt_abyss_rune_brain_food

Skill      XL: |  1  2  3  4  5  6  7  8  9 10 11 12 13 14 15 16 |
---------------+-------------------------------------------------+-----
Fighting       | 5 6 7 8 9 10 11 12 | 12.4
Axes           | 2 3 4 5 6 |  6.3
Armour         | 2 3 5 6 7 8 9 10 11 | 11.4
Dodging        | 1 2 3 4 5 6 7 8 9 |  9.9
Invocations    | 3 4 6 7 8 9 10 12 13 | 13.9
Staves         | 3 6 8 9 11 12 13 14 | 14.3
Evocations     | 1 |  1.7
Throwing       | 1 2 |  2.4

Action                   |  1- 3 |  4- 6 |  7- 9 | 10-12 | 13-15 | 16-18 || total
-------------------------+-------+-------+-------+-------+-------+-------++-------
Melee: Hand axe          |     5 |   267 |   432 |       |       |       ||   704
       Kick              |     1 |    56 |   141 |   400 |  1098 |   450 ||  2146
       Quarterstaff      |       |       |   214 |  1134 |  2528 |   728 ||  4604
       Broad axe         |       |       |       |       |    28 |    83 ||   111
Throw: Boomerang         |       |       |     5 |     6 |    22 |    11 ||    44
Invok: Depart the Abyss  |       |     1 |       |       |     1 |       ||     2
       Banish            |       |       |     5 |     2 |    16 |     3 ||    26
       Bend Space        |       |       |       |       |     3 |     1 ||     4
       Enter the Abyss   |       |       |       |       |     1 |     1 ||     2
Evoke: Box of beasts     |     2 |       |       |       |       |       ||     2
       Wand              |       |       |     8 |    18 |     5 |       ||    31
  Use: Scroll            |     1 |     7 |     4 |    13 |    10 |     5 ||    40
       Potion            |       |     2 |       |     1 |     7 |     9 ||    19
 Stab: Confused          |       |       |       |     4 |       |       ||     4
       Petrified         |       |       |       |       |    10 |       ||    10
  Eat: Chunk             |       |     6 |    18 |    21 |    31 |    14 ||    90
       Ration            |       |       |     1 |     4 |    12 |     2 ||    19
Armor: Scale mail        |     3 |   120 |       |   303 |   787 |   174 ||  1387
       Plate armour      |       |    99 |   447 |    17 |       |       ||   563
Dodge: Dodged            |     2 |    81 |   158 |   655 |  1400 |   544 ||  2840

Table legend:
 A = Non-vault XP
 B = Vault XP
 C = Vault XP percentage of total XP
 D = Non-vault monster count
 E = Vault monster count
 F = Vault count percentage of total count
                 A         B        C        D         E       F
            +---------+---------+-------+---------+---------+-------
      Total |  146602 |   68038 |  31.7 |     646 |     279 |  30.2
            +---------+---------+-------+---------+---------+-------
        D:1 |      55 |       0 |   0.0 |      22 |       0 |   0.0
        D:2 |     129 |      37 |  22.3 |      26 |      13 |  33.3
        D:3 |     193 |       0 |   0.0 |      27 |       0 |   0.0
        D:4 |     312 |     224 |  41.8 |      17 |       7 |  29.2
        D:5 |     463 |     206 |  30.8 |      18 |      32 |  64.0
        D:6 |     743 |     420 |  36.1 |      22 |       2 |   8.3
        D:7 |    1059 |       0 |   0.0 |      27 |       0 |   0.0
        D:8 |    3901 |    3924 |  50.1 |      31 |      14 |  31.1
        D:9 |    1199 |    3885 |  76.4 |      23 |       6 |  20.7
       D:10 |    1910 |    1224 |  39.1 |      17 |      12 |  41.4
       D:11 |    6160 |    2175 |  26.1 |      37 |      13 |  26.0
       D:12 |    5485 |     597 |   9.8 |      28 |      20 |  41.7
       D:13 |    4085 |    8155 |  66.6 |      21 |      13 |  38.2
       D:14 |    6820 |    3462 |  33.7 |      35 |       8 |  18.6
       D:15 |   18746 |   12376 |  39.8 |      41 |      17 |  29.3
     Lair:1 |    3739 |       0 |   0.0 |      18 |       0 |   0.0
     Lair:2 |    6108 |       0 |   0.0 |      23 |       0 |   0.0
     Lair:3 |    7952 |    1405 |  15.0 |      22 |       5 |  18.5
     Lair:4 |    2126 |    1459 |  40.7 |      10 |       9 |  47.4
     Lair:5 |   10558 |    5982 |  36.2 |      39 |      10 |  20.4
     Lair:6 |    6838 |    8216 |  54.6 |      18 |      19 |  51.4
    Snake:1 |    4620 |       0 |   0.0 |       7 |       0 |   0.0
      Orc:1 |    3875 |    3041 |  44.0 |      21 |      17 |  44.7
      Orc:2 |    1891 |    9714 |  83.7 |      13 |      59 |  81.9
   Depths:1 |   27733 |    1259 |   4.3 |      40 |       2 |   4.8
    Abyss:1 |    2300 |     277 |  10.7 |       9 |       1 |  10.0
    Abyss:3 |   12812 |       0 |   0.0 |      26 |       0 |   0.0
    Abyss:4 |    4790 |       0 |   0.0 |       8 |       0 |   0.0
            +---------+---------+-------+---------+---------+-------
